 Dungeon Crawl Stone Soup version 0.29-a0-72-g1732ff48e7 (webtiles) character file.

Game seed: 13045474618257549922

159 bande the Covered (level 5, -1/33 HPs)
             Began as a Gargoyle Fighter on Feb 4, 2022.
             Slain by Natasha (4 damage)
             ... on level 3 of the Dungeon.
             The game lasted 00:04:24 (3060 turns).

bande the Covered (Gargoyle Fighter)                Turns: 3060, Time: 00:04:24

Health: -1/33      AC: 13    Str: 19    XL:     5   Next: 40%
Magic:  5/5        EV:  9    Int:  9    God:
Gold:   75         SH:  4    Dex: 11    Spells: 4/4 levels left

rFire   . . .      SeeInvis .   a - +0 war axe
rCold   . . .      Faith    .   c - +0 buckler
rNeg    + . .      Spirit   .   b - +0 scale mail
rPois   ∞          Reflect  .   m - +0 helmet
rElec   +          Harm     .   (no cloak)
rCorr   .          Rampage  .   (no gloves)
Will    .....                   e - +0 pair of boots
Stlth   ..........              (no amulet)
HPRegen 0.11/turn               (no ring)
MPRegen 0.09/turn               (no ring)

@: no status effects
A: sickness immunity, AC +4, negative energy resistance 1, electricity
resistance, torment resistance 1, petrification resistance
a: no special abilities


You were on level 3 of the Dungeon.
You visited 1 branch of the dungeon, and saw 3 of its levels.

You collected 75 gold pieces.

Inventory:

Hand Weapons
 a - a +0 war axe (weapon)
Armour
 b - a +0 scale mail (worn)
 c - a +0 buckler (worn)
 e - a +0 pair of boots (worn)
 m - a +0 helmet (worn)
Wands
 k - a wand of mindburst (2)
Scrolls
 f - 2 scrolls of enchant armour {unknown}
 g - 2 scrolls of identify {unknown}
 h - 3 scrolls of amnesia {unknown}
 i - a scroll of enchant weapon {unknown}
 l - a scroll of fog {unknown}
 n - a scroll of noise {unknown}
Potions
 d - a potion of might
 j - 2 potions of haste {unknown}


   Skills:
 + Level 3.8 Fighting
 + Level 3.7 Axes
 + Level 4.3 Armour
 - Level 0.1 Stealth
 + Level 3.6 Shields


You had 4 spell levels left.
You didn't know any spells.
Your spell library was empty.

Dungeon Overview and Level Annotations

Branches:
Dungeon (3/15)

Altars:
Ashenzari
Nemelex Xobeh

Shops:
D:1 (

Annotations:
D:3 Natasha


Innate Abilities, Weirdness & Mutations

You are immune to sickness and miasma.
Your stone body is resilient. (AC +4)
You are immune to poison.
You resist negative energy. (rN+)
You are resistant to electric shocks. (rElec)
You are resistant to unholy torment.
You are immune to petrification.


Message History

You barely miss the iron imp.
The iron imp is lightly wounded.
You closely miss something. Something claws you.
The iron imp barely misses you.
You closely miss the iron imp.
The iron imp is lightly wounded.
You miss something. Something claws you but does no damage.
The iron imp hits you. You block something's attack.
You slash the iron imp!
The iron imp is almost dead.
You hit something.
The iron imp hits you but does no damage.
Something claws you but does no damage.
You hit the iron imp.
You kill the iron imp!
The iron imp disappears in a puff of smoke!
You barely miss something.
You hear some strange, mumbled words.
A magic dart appears from out of thin air!
The magic dart hits you.
You closely miss something. Something claws you but does no damage.
Something claws you.
You miss something. Something claws you.
You completely miss something. Something claws you.
You closely miss something. Something claws you but does no damage.
Something claws you.
You closely miss something.
You hear some strange, mumbled words.
Something tries to affect you, but you resist.
You closely miss something. Something claws you.
* * * LOW HITPOINT WARNING * * *
Something claws you but does no damage.
You hit something. Something claws you but does no damage.
You miss something. Something claws you.
* * * LOW HITPOINT WARNING * * *
You miss something. Something claws you but does no damage.
Something claws you.
* * * LOW HITPOINT WARNING * * *
You miss something. Something claws you.
You die...

#.# ... #.# ...
#.# #
.....#####.#.#
...........#.#####
.....#####........
...........†###.##
............#
###...@....#
#..{.....#
#..........#
#..........#
#..........#
#..........#
#..........#
#..........#


There were no monsters in sight!

Vanquished Creatures
  A scorpion (D:2)
  Robin (D:3)
  An adder (D:2)
  A worm (D:2)
  2 dart slugs
  9 bats
  5 endoplasms
  3 giant cockroaches
  12 goblins
  6 hobgoblins
  4 jackals (D:1)
  4 quokkas
  6 ball pythons
  2 frilled lizards (D:2)
  7 kobolds
  6 rats
70 creatures vanquished.

Notes
Turn   | Place    | Note
-------+----------+-------------------------------------------
     0 | D:1      | bande the Gargoyle Fighter began the quest for the Orb.
     0 | D:1      | Reached XP level 1. HP: 14/14 MP: 1/1
   377 | D:1      | Reached XP level 2. HP: 14/19 MP: 2/2
   991 | D:1      | Reached XP level 3. HP: 23/23 MP: 3/3
  1273 | D:1      | Found Mosm's Antique Weapon Boutique.
  1571 | D:1      | Found a faded altar of an unknown god.
  2117 | D:2      | Reached skill level 4 in Armour
  2123 | D:2      | Found a sparkling altar of Nemelex Xobeh.
  2183 | D:2      | Reached XP level 4. HP: 24/28 MP: 4/4
  2350 | D:2      | Noticed a scorpion
  2358 | D:2      | Killed a scorpion
  2359 | D:2      | Reached XP level 5. HP: 26/33 MP: 5/5
  2796 | D:3      | Noticed Robin
  2811 | D:3      | Killed Robin
  2967 | D:3      | Found a broken altar of Ashenzari.
  3039 | D:3      | Noticed Natasha
  3060 | D:3      | Slain by Natasha

Illustrated notes

Levels and vault maps discovered:
D:1:      dpeg_arrival_signposts, layout_basic, serial_shops,
          nicolae_shop_behind_doors, shapermc_ecumenical_altar_mp_vishouse,
          minivault_19
D:2:      layout_rooms, basic_altar, hangedman_decor_points,
          minmay_misc_feat_roman, minmay_heptomino_o4
D:3:      layout_basic, ashenzari_altar_1, dk_vineyard_2,
          kennysheep_generic_room_14, uniq_robin, uniq_sigmund, uniq_ijyb,
          uniq_natasha

Skill      XL: |  1  2  3  4 |
---------------+-------------+-----
Axes           | 2 3 |  3.7
Armour         | 4 |  4.3
Fighting       | |  3.8
Stealth        | |  0.1
Shields        | |  3.6

Action                   |  1- 3 |  4- 6 || total
-------------------------+-------+-------++-------
Melee: War axe           |   124 |    96 ||   220
Armor: Scale mail        |    90 |    62 ||   152
Dodge: Dodged            |    69 |    47 ||   116
Block: Buckler           |    31 |    24 ||    55

Table legend: (Time is in decaauts)
 A = Elapsed time spent in this place.
 B = Non-inter-level travel time spent in this place.
 C = Inter-level travel time spent in this place.
 D = Time resting spent in this place.
 E = Time spent auto-exploring this place.
 F = Levels seen in this place.
 G = Mean time per level.
                   A        B        C        D        E       F      G
               +--------+--------+--------+--------+--------+-----+--------+
         Total |   3146 |   3079 |     67 |    962 |   1610 |   3 | 1048.7 |
       Dungeon |   3146 |   3079 |     67 |    962 |   1610 |   3 | 1048.7 |
               +--------+--------+--------+--------+--------+-----+--------+

Top non-repeatable levels by time:
     D:1: 1759 daAuts
     D:2: 1068 daAuts
     D:3: 319 daAuts
